 Dungeon Crawl Stone Soup version 0.29-a0-330-g52719c12eb (webtiles) character file.

Game seed: 11486471039428285718

1845 Argons the Grappler (level 9, -6/75 HPs)
             Began as a Ghoul Fire Elementalist on May 7, 2022.
             Mangled by a gnoll shaman
             ... wielding a +0 whip
              (10 damage)
             ... on level 5 of the Dungeon.
             The game lasted 00:25:39 (7339 turns).

Argons the Grappler (Ghoul Fire Elementalist)       Turns: 7339, Time: 00:25:40

Health: -6/75      AC:  3    Str: 16    XL:     9   Next: 12%
Magic:  6/10       EV: 12    Int: 10    God:
Gold:   355        SH:  5    Dex: 15    Spells: 8/11 levels left

rFire   . . .      SeeInvis .     - Unarmed
rCold   + . .      Faith    .   (no shield)
rNeg    + + +      Spirit   .   a - +0 robe
rPois   ∞          Reflect  +   y - +0 helmet
rElec   .          Harm     .   (no cloak)
rCorr   +          Rampage  .   (no gloves)
Will    .....                   (no boots)
Stlth   ++........              w - amulet of reflection
HPRegen 0.00/turn               t - +6 ring of dexterity
MPRegen 0.12/turn               x - ring of resist corrosion

@: inhibited regen
A: claws 1, cold resistance 1, negative energy resistance 3, inhibited
regeneration, torment resistance 2, devour on kill
a: no special abilities


You were on level 5 of the Dungeon.
You visited 1 branch of the dungeon, and saw 7 of its levels.

You collected 355 gold pieces.

Inventory:

Missiles
 d - a throwing net
 e - 9 atropa-tipped darts (quivered)
 H - 33 poisoned darts
Armour
 a - a +0 robe (worn)
 s - a +1 chain mail of willpower
 y - a +0 helmet (worn)
Jewellery
 t - a +6 ring of dexterity (left claw)
 w - an amulet of reflection (around neck)
 x - a ring of resist corrosion (right claw)
Wands
 q - a wand of acid (13)
Scrolls
 f - 2 scrolls of teleportation
 g - 3 scrolls of noise {unknown}
 m - a scroll of torment {unknown}
 n - a scroll of acquirement {unknown}
 r - a scroll of magic mapping {unknown}
 u - 3 scrolls of identify
 v - a scroll of immolation {unknown}
 A - a scroll of enchant armour {unknown}
 B - a scroll of amnesia {unknown}
 E - 2 scrolls of blinking {unknown}
 F - a scroll of enchant weapon {unknown}
 G - a scroll of vulnerability {unknown}
 J - a scroll of holy word {unknown}
 L - a scroll of brand weapon {unknown}
Potions
 b - a potion of magic
 c - 3 potions of heal wounds
 h - a potion of might
 i - a potion of flight {unknown}
 j - 2 potions of resistance {unknown}
 k - a potion of brilliance {unknown}
 l - 2 potions of attraction {unknown}
 o - a potion of mutation {unknown}
 p - a potion of curing {unknown}
 z - a potion of haste {unknown}
 C - a potion of cancellation {unknown}
 D - 2 potions of ambrosia {unknown}
 I - a potion of lignification {unknown}
 K - a potion of invisibility {unknown}


   Skills:
 + Level 5.8 Fighting
 - Level 1.7 Dodging
 - Level 2.1 Stealth
 - Level 11.0 Unarmed Combat
 - Level 1.7 Spellcasting
 - Level 0.7 Conjurations
 - Level 2.4 Fire Magic


You had 8 spell levels left.
You knew the following spells:

 Your Spells              Type           Power      Damage    Failure   Level
a - Foxfire               Conj/Fire      16%        2x1d4     17%         1
b - Scorch                Fire           10%        2d6       19%         2

Your spell library contained the following spells:

 Spells                   Type           Power      Damage    Failure   Level
 Conjure Flame            Conj/Fire      4%         6-21      45%         3
 Inner Flame              Hex/Fire       3%         N/A       52%         3
 Flame Wave               Conj/Fire      4%         2d5       86%         4


Dungeon Overview and Level Annotations

Branches:
Dungeon (7/15)             Temple (0/1) D:4

Altars:
Cheibriados
Dithmenos
Fedhas
Hepliaklqana
Sif Muna


Innate Abilities, Weirdness & Mutations

You are immune to poison.
You have sharp fingernails.
Your flesh is cold resistant. (rC+)
You are immune to negative energy. (rN+++)
You do not regenerate when monsters are visible.
You are immune to unholy pain and torment.
You thrive by killing the living.


Message History

The gnoll shaman calls upon its god to speed up the gnoll.
The gnoll seems to speed up.
You closely miss the gnoll shaman.
The gnoll shaman is almost dead.
You closely miss the gnoll shaman.
The gnoll shaman is almost dead.
The gnoll hits you from afar with a +0 spear.
The gnoll shaman utters an invocation to its god.
The gnoll shaman is healed somewhat.
You scratch the gnoll shaman.
The gnoll shaman is almost dead.
The gnoll hits you from afar with a +0 spear!
* * * LOW HITPOINT WARNING * * *
You block the gnoll shaman's attack.
Casting: Scorch (safe; 19% risk of failure)
Confirm with . or Enter, or press ? or * to list all spells.
Flames lash the gnoll.
The gnoll is almost dead.
The gnoll's fire resistance burns away.
The gnoll hits you from afar with a +0 spear!
* * * LOW HITPOINT WARNING * * *
The gnoll shaman calls upon its god to heal the gnoll.
The gnoll is healed somewhat.
Casting: Scorch (safe; 19% risk of failure)
Confirm with . or Enter, or press ? or * to list all spells.
Flames lash the gnoll.
The gnoll is heavily wounded.
The gnoll's fire resistance burns away.
The gnoll hits you from afar with a +0 spear.
* * * LOW HITPOINT WARNING * * *
You block the gnoll shaman's attack.
You scratch the gnoll shaman.
The gnoll shaman is almost dead.
The gnoll barely misses you. You block the gnoll shaman's attack.
You scratch the gnoll shaman but do no damage.
The gnoll shaman is almost dead.
The gnoll hits you from afar with a +0 spear.
* * * LOW HITPOINT WARNING * * *
The gnoll shaman hits you with a +0 whip!
You die...

#.................# ###
#..............#...
#.#####'#####+####.###.
######...##...###..####.###.
##....#...................'..
#....[)............<......#..
#.....#.gg.gg.............#..
####..##.###g##.###..###..###
#.. ### #@##.####+########
..g #..#.......#....... ..g.
#..#.......#....... ....g
#..#.......#.>..... .....g
#..#(......#.......
#.###..##..###...##
###+###..##..###...##
#...................#
#...................#


You could see a gnoll shaman and 2 gnolls.

Vanquished Creatures
  2 water moccasins (D:7)
  A black bear (D:5)
  An orc warrior (D:7)
  2 sky beasts
  An ice beast (D:7)
  4 ogres
  A centaur (D:7)
  A kobold brigand (D:7)
  2 bullfrogs
  A necrophage (D:7)
  A scorpion (D:7)
  2 hounds
  2 jellies
  An iguana (D:5)
  An orc wizard (D:6)
  Robin (D:3)
  3 gnolls
  9 adders
  2 shadow imps
  A white imp (D:5)
  A dart slug (D:2)
  16 orcs
  6 ball pythons
  An endoplasm (D:2)
  2 giant cockroaches
  7 hobgoblins
  4 quokkas
  4 bats
  2 frilled lizards
  16 goblins
  26 kobolds
  3 rats
127 creatures vanquished.

Vanquished Creatures (others)
  13 foxfires (D:1)
  17 plants (D:7)
30 creatures vanquished.

Grand Total: 157 creatures vanquished

Notes
Turn   | Place    | Note
-------+----------+-------------------------------------------
     0 | D:1      | Argons the Ghoul Fire Elementalist began the quest for the
                  | Orb.
     0 | D:1      | Reached XP level 1. HP: 14/14 MP: 2/2
   376 | D:1      | Reached skill level 1 in Fighting
   376 | D:1      | Reached skill level 1 in Unarmed Combat
   390 | D:1      | Reached XP level 2. HP: 23/23 MP: 0/3
   423 | D:1      | Learned a level 2 spell: Scorch
   781 | D:1      | Reached XP level 3. HP: 26/29 MP: 0/4
   906 | D:1      | Reached skill level 2 in Unarmed Combat
  2108 | D:3      | Reached XP level 4. HP: 37/37 MP: 0/5
  2395 | D:3      | Found a faded altar of an unknown god.
  2515 | D:3      | Noticed Robin
  2567 | D:3      | Reached skill level 3 in Unarmed Combat
  2686 | D:3      | Killed Robin
  3486 | D:4      | Reached skill level 4 in Unarmed Combat
  3486 | D:4      | Reached XP level 5. HP: 32/45 MP: 1/6
  3628 | D:4      | Noticed an ogre
  3806 | D:4      | Found a staircase to the Ecumenical Temple.
  3951 | D:4      | Killed an ogre
  3952 | D:4      | Reached skill level 5 in Unarmed Combat
  3952 | D:4      | Reached XP level 6. HP: 43/51 MP: 0/7
  4368 | D:4      | Reached skill level 6 in Unarmed Combat
  4733 | D:4      | You fall into a shaft and drop 3 floors!
  4766 | D:7      | Reached XP level 7. HP: 31/57 MP: 5/8
  5005 | D:7      | Reached skill level 7 in Unarmed Combat
  5389 | D:6      | Found a snail-covered altar of Cheibriados.
  5440 | D:7      | Reached skill level 8 in Unarmed Combat
  5525 | D:6      | Noticed a yak
  5529 | D:6      | Noticed a yak
  5598 | D:7      | Reached skill level 9 in Unarmed Combat
  5598 | D:7      | Reached XP level 8. HP: 43/63 MP: 6/9
  5647 | D:7      | Reached skill level 10 in Unarmed Combat
  6069 | D:7      | Found a blossoming altar of Fedhas.
  6531 | D:6      | Reached skill level 11 in Unarmed Combat
  6610 | D:5      | Entered Level 5 of the Dungeon
  6771 | D:5      | Found a shimmering blue altar of Sif Muna.
  6898 | D:5      | Reached skill level 5 in Fighting
  6898 | D:5      | Reached XP level 9. HP: 44/74 MP: 4/10
  7213 | D:5      | Found a hazy altar of Hepliaklqana.
  7277 | D:5      | Found a shadowy altar of Dithmenos.
  7339 | D:5      | Mangled by a gnoll shaman

Illustrated notes

Levels and vault maps discovered:
D:1:      roderic_dead_forest, layout_loops_cross, minivault_11
D:2:      wander_river, layout_loops_ring
D:3:      layout_basic, ebering_ecumenical_altar_rust, uniq_robin
D:4:      layout_basic, minmay_temple_entry_arrows
D:5:      cheibrodos_iron_armory, layout_gridville, grunt_dithmenos_shadows,
          lemuel_round_altar, nzn_hepliaklqana_mist_gate
D:6:      layout_cave_pools, nicolae_overflow_hidden_temple,
          general_overflow_altar, serial_co_window_serial, co_window_corner_a,
          co_window_paths_a, co_window_cross_1, co_window_paths_a,
          co_window_of_opportunity_a, co_window_corner_a, co_window_paths_a,
          co_window_of_opportunity_c, co_window_broadway_a,
          co_window_unsneaky_path_a, co_window_unsneaky_path_b,
          co_window_2corner, co_window_4corner_a, glass_columns_a, minmay_bent
D:7:      kennysheep_kobold_camp, layout_rooms,
          mainiacjoe_overflow_small_starburst, kennysheep_mini_moat,
          st_stairs_14, hangedman_decor_growths, chequers_jeans,
          eino_small_chamber_without_monster, ebering_dispersal_statue_hall

Skill      XL: |  1  2  3  4  5  6  7  8 |
---------------+-------------------------+-----
Fighting       | 1 2 3 5 |  5.8
Unarmed Combat | 1 2 4 5 6 9 11 | 11.0
Dodging        | |  1.7
Stealth        | |  2.1
Spellcasting   | |  1.7
Conjurations   | |  0.7
Fire Magic     | |  2.4

Action                   |  1- 3 |  4- 6 |  7- 9 || total
-------------------------+-------+-------+-------++-------
Melee: Unarmed           |    55 |    77 |   161 ||   293
       Punch             |       |     2 |     8 ||    10
Throw: Dart              |       |     6 |       ||     6
       Throwing net      |       |     1 |       ||     1
 Cast: Foxfire           |     7 |       |       ||     7
       Scorch            |    20 |    28 |    37 ||    85
Evoke: Wand              |       |     1 |       ||     1
  Use: Scroll            |     3 |       |       ||     3
       Potion            |       |     1 |     1 ||     2
 Stab: Sleeping          |     3 |     4 |       ||     7
Armor: Robe              |     6 |    16 |    13 ||    35
Dodge: Dodged            |    28 |    38 |    52 ||   118
Block: Other             |       |     5 |    32 ||    37
       Reflection        |       |       |     2 ||     2

Table legend: (Time is in decaauts)
 A = Elapsed time spent in this place.
 B = Non-inter-level travel time spent in this place.
 C = Inter-level travel time spent in this place.
 D = Time resting spent in this place.
 E = Time spent auto-exploring this place.
 F = Levels seen in this place.
 G = Mean time per level.
                   A        B        C        D        E       F      G
               +--------+--------+--------+--------+--------+-----+--------+
         Total |   7327 |   6847 |    480 |   2743 |    320 |   7 | 1046.7 |
       Dungeon |   7327 |   6847 |    480 |   2743 |    320 |   7 | 1046.7 |
               +--------+--------+--------+--------+--------+-----+--------+

Top non-repeatable levels by time:
     D:7: 1417 daAuts
     D:4: 1343 daAuts
     D:3: 1309 daAuts
     D:1: 1088 daAuts
     D:2: 1006 daAuts
     D:5: 720 daAuts
     D:6: 439 daAuts
